 Dungeon Crawl Stone Soup version 0.28.0-43-g3370ac3207 (webtiles) character file.

Game seed: 9904056662765484890

101 vvl the Stinger (level 4, 0/30 HPs)
             Began as a Demonspawn Venom Mage on Mar 15, 2022.
             Succumbed to a water moccasin's poison
             ... on level 3 of the Dungeon.
             The game lasted 00:05:47 (3315 turns).

vvl the Stinger (Demonspawn Venom Mage)             Turns: 3315, Time: 00:05:47

Health: 0/30       AC:  9    Str:  9    XL:     4   Next: 48%
Magic:  7/7        EV: 12    Int: 24    God:
Gold:   130        SH:  0    Dex: 13    Spells: 7/8 levels left

rFire   + . .      SeeInvis .   j - +2 mace (protect)
rCold   + . .      Faith    .   (no shield)
rNeg    . . .      Spirit   .   a - +0 robe
rPois   +          Reflect  .   (no helmet)
rElec   +          Harm     .   d - scarf {repulsion}
rCorr   +          Rampage  .   (no gloves)
Will    .....                   (no boots)
Stlth   ++........              (no amulet)
HPRegen 0.10/turn               i - +6 ring of intelligence
MPRegen 0.10/turn               (no ring)

@: lethally poisoned (0 -> -14), resistant, under a protective aura, hasted,
repel missiles, very quick
A: powered by pain 1, weakness stinger 1
a: no special abilities


You were on level 3 of the Dungeon.
You visited 1 branch of the dungeon, and saw 3 of its levels.

You collected 130 gold pieces.

Inventory:

Hand Weapons
 j - a +2 mace of protection (weapon)
Armour
 a - a +0 robe (worn)
 d - a scarf of repulsion (worn)
Jewellery
 i - a +6 ring of intelligence (left hand)
Scrolls
 b - 2 scrolls of amnesia {unknown}
 e - a scroll of vulnerability {unknown}
 f - a scroll of identify {unknown}
 g - a scroll of fog {unknown}
 h - a scroll of enchant armour {unknown}
 k - a scroll of brand weapon {unknown}
 l - a scroll of immolation {unknown}


   Skills:
 + Level 2.4 Dodging
 - Level 2.0 Stealth
 + Level 2.6 Spellcasting
 + Level 1.9 Transmutations
 * Level 4.0 Poison Magic


You had 7 spell levels left.
You knew the following spells:

 Your Spells              Type           Power      Damage    Failure   Level
a - Sting                 Tmut/Pois      68%        1d6       3%          1

Your spell library contained the following spells:

 Spells                   Type           Power      Damage    Failure   Level
 Poisonous Vapours        Pois/Air       24%        N/A       8%          2
 Mephitic Cloud           Conj/Pois/Air  9%         N/A       21%         3
 Olgreb's Toxic Radiance  Pois           22%        N/A       22%         4
 Alistair's Intoxication  Tmut/Pois      11%        N/A       67%         5
 Borgnjor's Vile Clutch   Necr/Erth      1%         N/A       97%         5
 Eringya's Noxious Bog    Tmut/Pois      8%         N/A       99%         6


Dungeon Overview and Level Annotations

Branches:
Dungeon (3/15)

Altars:


Innate Abilities, Weirdness & Mutations

You sometimes gain a little power by taking damage.
You have a small tail.


Message History

The sting misses the water moccasin.
The water moccasin bites you but does no damage.
The sting hits the water moccasin.
The water moccasin partially resists.
The water moccasin is lightly wounded.
The water moccasin barely misses you.
The sting misses the water moccasin.
The sting hits the adder but does no damage.
The adder is poisoned.
The adder is lightly wounded.
The water moccasin closely misses you.
The water moccasin completely misses you.
The sting hits the water moccasin.
The water moccasin partially resists.
The water moccasin is poisoned.
The water moccasin is lightly wounded.
The water moccasin barely misses you.
The sting misses the water moccasin.
The sting hits the adder.
The adder looks even sicker.
The adder is moderately wounded.
The water moccasin closely misses you. The water moccasin bites you!
You focus on the pain.
You feel your power returning.
You are poisoned.
The water moccasin poisons you!
It was a potion of resistance.
You feel protected.
You feel very sick. The water moccasin bites you.
You are lethally poisoned!
The water moccasin poisons you!
It was a potion of haste.
You feel yourself speed up.
You feel very sick. The water moccasin bites you.
* * * LOW HITPOINT WARNING * * *
* * * LOW HITPOINT WARNING * * *
You feel very sick.
* * * LOW HITPOINT WARNING * * *
You feel sick.
You hit the water moccasin.
Your weapon exudes an aura of protection.
The water moccasin is moderately wounded.
You die...

######...†........#
...........###########
#.########.###
.............#
#.########.#.# #.#
#......#.#
#.###..#...#.#
#.##..###..#.# .
#.##.## ##.#@# .
#.....# #..S.## ..
##..#.## ##S#).##
#..#..#### #g##..##
#..#.## †.$##[.#
......#### .####...#
##....)#.##.##.#..#.#
#...#.....#.#.....#.#
#..##.#..## ##.##.#.#


You could see a water moccasin (poisoned), an adder (very poisoned) and a
goblin.

Vanquished Creatures
  A jelly (D:3)
  An adder (D:3)
  A worm (D:3)
  3 dart slugs (D:2)
  An orc (D:3)
  4 ball pythons
  4 bats
  6 endoplasms
  A giant cockroach (D:2)
  5 goblins
  8 hobgoblins
  2 kobolds (D:1)
  A quokka (D:1)
  4 frilled lizards
  6 rats
48 creatures vanquished.

Notes
Turn   | Place    | Note
-------+----------+-------------------------------------------
     0 | D:1      | vvl the Demonspawn Venom Mage began the quest for the Orb.
     0 | D:1      | Reached XP level 1. HP: 13/13 MP: 3/3
   119 | D:1      | Reached skill level 1 in Transmutations
   280 | D:1      | Gained mutation: You sometimes gain a little power by
                  | taking damage. [demonic ancestry]
   280 | D:1      | Reached XP level 2. HP: 4/19 MP: 0/5
   630 | D:1      | You fall into a shaft and drop 1 floor!
   654 | D:2      | Found a faded altar of an unknown god.
  1754 | D:1      | Gained mutation: You have a small tail. [demonic ancestry]
  1754 | D:1      | Reached XP level 3. HP: 6/24 MP: 0/6
  3154 | D:3      | Reached XP level 4. HP: 24/30 MP: 1/7
  3156 | D:3      | Reached skill level 4 in Poison Magic
  3305 | D:3      | Noticed a water moccasin
  3315 | D:3      | Succumbed to a water moccasin's poison

Illustrated notes

Levels and vault maps discovered:
D:1:      lemuel_arrival_cross, layout_basic
D:2:      layout_basic, hellmonk_ecumenical_altar_crossroads, feat_on_display
D:3:      layout_basic, minmay_fractal_squares_gapless_5

Skill      XL: |  1  2  3  4 |
---------------+-------------+-----
Transmutations | 1 |  1.9
Stealth        | 2 |  2.0
Dodging        | 2 |  2.4
Poison Magic   | 4 |  4.0
Spellcasting   | |  2.6

Action                   |  1- 3 |  4- 6 || total
-------------------------+-------+-------++-------
Melee: Unarmed           |    15 |       ||    15
       Short sword       |    42 |       ||    42
       Mace              |    18 |     5 ||    23
       Tailslap          |     4 |       ||     4
 Cast: Sting             |    65 |     9 ||    74
  Use: Potion            |       |     2 ||     2
 Stab: Sleeping          |     1 |       ||     1
Armor: Robe              |    21 |     2 ||    23
Dodge: Dodged            |    70 |     7 ||    77
       Repelled          |     1 |       ||     1
